 Dungeon Crawl Stone Soup version 0.20-a0-1124-g2e29d97 (webtiles) character file.

105 Naow the Firebug (level 4, -3/27 HPs)
             Began as an Octopode Fire Elementalist on May 16, 2017.
             Killed from afar by Sigmund (7 damage)
             ... with a magic dart
             ... on level 2 of the Dungeon.
             The game lasted 00:02:22 (2892 turns).

Naow the Firebug (Octopode Fire Elementalist)       Turns: 2892, Time: 00:02:23

Health: -3/27      AC:  1    Str:  7    XL:     4   Next: 83%
Magic:  6/8        EV: 13    Int: 18    God:
Gold:   103        SH:  0    Dex: 12    Spells: 8/9 levels left

rFire    . . .     SeeInvis .   d - +0 dagger
rCold    . . .     Gourm    .   (no shield)
rNeg     . . .     Faith    .   (helmet restricted)
rPois    .         Spirit   .   (no amulet)
rElec    .         Reflect  .   (no ring)
rCorr    .         Harm     .   (no ring)
MR       .....                  (no ring)
Stlth    ++........             (no ring)
Regen    0.1/turn               (no ring)
MPRegen  0.2/turn               (no ring)
                                (no ring)
                                (no ring)

@: confused
A: almost no armour, stealthy swim, amphibious, 8 rings, constrict 8, camouflage
1, gelatinous body 1
a: no special abilities


You were on level 2 of the Dungeon.
You were not hungry.

You visited 1 branch of the dungeon, and saw 2 of its levels.

You collected 103 gold pieces.

Inventory:

Hand Weapons
 d - a +0 dagger (weapon)
Scrolls
 c - 3 scrolls of identify {unknown}
 g - a scroll of magic mapping {unknown}
 h - a scroll of blinking {unknown}
 i - a scroll of fear {unknown}
 l - a scroll of enchant weapon {unknown}
 m - a scroll of noise {unknown}
 n - a scroll of teleportation {unknown}
Potions
 e - a potion of agility {unknown}
 j - a potion of curing {unknown}
Books
 a - a book of Flames

   Spells                             Type                      Level
   a - Flame Tongue                   Conjuration/Fire             1
   b - Throw Flame                    Conjuration/Fire             2
   c - Conjure Flame                  Conjuration/Fire             3
   d - Inner Flame                    Hexes/Fire                   3
   e - Sticky Flame                   Conjuration/Fire             4
   f - Fireball                       Conjuration/Fire             5
Comestibles
 b - 4 bread rations
 f - a chunk of flesh
 k - a meat ration


   Skills:
 - Level 2.0 Dodging
 - Level 2.6 Stealth
 + Level 3.0 Spellcasting
 + Level 2.8 Conjurations
 + Level 3.8 Fire Magic


You had 8 spell levels left.
You knew the following spells:

 Your Spells              Type           Power        Failure   Level  Hunger
a - Flame Tongue          Conj/Fire      ##...        4%          1    None


Dungeon Overview and Level Annotations

Branches:
Dungeon (2/15)

Altars:

Annotations:
D:2 Sigmund


Innate Abilities, Weirdness & Mutations

You cannot wear most types of armour.
You are very stealthy in the water. (Stealth+)
You are amphibious.
You can wear up to eight rings at the same time.
You can use your tentacles to constrict eight enemies at once.
Your skin changes colour to match your surroundings (Stealth+).
Your rubbery body absorbs attacks. (AC +1, EV +1)


Message History

Deactivating autopickup; reactivate with Ctrl-A.
There is a strange disturbance nearby!
Something hits you.
Okay, then.
You hit something but do no damage. Your squeeze misses something.
You hear some strange, mumbled words.
You are confused.
You're too confused to move!
Something barely misses you.
You bump into the rock wall.
Something hits you!
You bump into the rock wall.
Something hits you!
* * * LOW HITPOINT WARNING * * *
You bump into the rock wall.
You're too confused to move!
You feel less confused.
You hear some strange, mumbled words.
You are confused.
You bump into the rock wall.
A magic dart appears from out of thin air!
The magic dart hits you!
You die...

..#######.#............
..# ##.#.....(......
#.# #.....#.......#
#.###...#.#.....#.#.#
....#.#.......>.....#
........#.....#.#.#.#
...........#..#.....#
.........#.#..##.##.#
..............##@...#
...#......#.#.##.####
...###. #.#. #{# .#.##
..# ....# ...# .....
..>.# ..... .....# ...#
#.....# ..... ......#


There were no monsters in sight!

Vanquished Creatures
  2 gnolls (D:1)
  4 adders (D:2)
  A worm (D:2)
  A dart slug (D:2)
  4 giant cockroaches
  6 goblins
  4 hobgoblins
  3 jackals
  6 bats
  5 frilled lizards
  6 kobolds
  3 rats
45 creatures vanquished.

Notes
Turn   | Place    | Note
-------+----------+-------------------------------------------
     0 | D:1      | Naow the Octopode Fire Elementalist began the quest for the Orb.
     0 | D:1      | Reached XP level 1. HP: 11/11 MP: 3/3
   355 | D:1      | Reached XP level 2. HP: 17/17 MP: 5/5
  1159 | D:1      | Reached XP level 3. HP: 8/21 MP: 1/6
  2149 | D:2      | Reached XP level 4. HP: 27/27 MP: 7/7
  2892 | D:2      | Killed from afar by Sigmund

Vault maps used:
D:1:      dpeg_arrival_court
D:2:      first_bread, serial_glass, glass_columns_a, glass_columns_a,
          st_stairs_14, uniq_crazy_yiuf_cottage, uniq_sigmund

Skill      XL: |  1  2  3  4 |
---------------+-------------+-----
Conjurations   | 2 |  2.8
Spellcasting   | 3 |  3.0
Dodging        | |  2.0
Stealth        | |  2.6
Fire Magic     | |  3.8

Action                   |  1- 3 |  4- 6 || total
-------------------------+-------+-------++-------
Melee: Dagger            |    13 |    10 ||    23
       Tentacles         |     3 |     5 ||     8
       Unarmed           |     1 |       ||     1
       Constrict         |     3 |     4 ||     7
 Cast: Flame Tongue      |    39 |    30 ||    69
 Stab: Sleeping          |     2 |       ||     2
  Eat: Chunk             |     3 |     3 ||     6
Armor: Skin              |     3 |     3 ||     6
Dodge: Dodged            |    35 |    20 ||    55
